 Dungeon Crawl Stone Soup version 0.31.0-11-ge490571c62 (webtiles) character file.

Game seed: 3396061032764516523

699091 freelancePsychic the Cryomancer (level 27, -19/239 HPs)
             Began as a Demonspawn Monk on Feb 3, 2024.
             Was the Champion of Cheibriados.
             Demolished by a demonspawn warmonger
             ... wielding a +2 demon whip of electrocution
              (24 damage)
             ... on level 22 of a ziggurat.
             The game lasted 02:06:15 (55744 turns).

freelancePsychic the Cryomancer (Demonspawn Monk)  Turns: 55744, Time: 02:06:16

Health: -19/239    AC: 17    Str: 29    XL:     27
Magic:  22/42      EV: 47    Int: 34    God:    Cheibriados [******]
Gold:   5407       SH:  0    Dex: 46    Spells: 31/56 levels left

rFire   + + +        I - +8 storm bow {elec, penet}
rCold   + + +        (shield currently unavailable)
rNeg    . . .        g - +3 troll leather armour {Snorg}
rPois   +            (helmet unavailable)
rElec   .            J - scarf {rC+ rF+}
rCorr   .            D - +2 pair of gloves {Dex+3}
SInv    +            z - +3 pair of mountain boots {steadfast, rC+}
Will    +++..        P - amulet "Yczeh" {RegenMP rPois Str+2 Int+4}
Stlth   +++++++      y - ring "Gubaant" {rF+ rC+ Dex+3 Stlth+}
HPRegen 1.39/turn    E - ring of the Tortoise {AC+8}
MPRegen 0.68/turn

%: random rage (9%)
@: in a vortex, magic-sapped, corroded, unable to cast spells, flying
(expiring), studying 4 skills, very slow
A: antennae 3, rugged brown scales 3, hurl damnation, spiny 3, torment
resistance 1, demonic magic 3, demonic willpower, berserk 2, fire resistance 1
}: 4/15 runes: barnacled, slimy, silver, gossamer
a: Hurl Damnation, Renounce Religion, Bend Time, Temporal Distortion, Slouch,
Step From Time


You were on level 22 of a ziggurat.
You worshipped Cheibriados.
Cheibriados was exalted by your worship.
You visited 11 branches of the dungeon, and saw 51 of its levels.
You visited 1 bazaar.
You visited 1 ziggurat, and saw 22 of its levels.
You also visited: Trove, Gauntlet and Ice Cave.

You collected 9799 gold pieces.
You spent 4392 gold pieces at shops.

Inventory:

Hand Weapons
 I - the +8 storm bow (weapon) {elec, penet}
   (You found it in a treasure trove)
 M - a +9 triple crossbow of freezing
Missiles
 q - 6 throwing nets
Armour
 g - a +3 troll leather armour (worn) {Snorg}
 t - the +3 salamander hide armour {Flames, rFlCloud rF++ rC--}
   (You found it in a Gauntlet)

   Flames:    It surrounds you with flame clouds and enhances your fire magic.
   rFlCloud:  It grants immunity to flame clouds.
   rF++:      It greatly protects you from fire.
   rC--:      It makes you very vulnerable to cold.
 z - the +3 pair of mountain boots (worn) {steadfast, rC+}
   (You found it on level 20 of a ziggurat)

   Steadfast: It prevents involuntary movement, except for blinking,
   teleportation, or banishment.
   rC+:       It protects you from cold.
 D - a +2 pair of gloves of dexterity (worn)
 J - a scarf of resistance (worn)
Magical Staves
 X - the staff of the Many Spreadsheets {rElec MP+9 Tloc Air}
   (You found it on level 3 of a ziggurat)

   [staff of air]

   Base accuracy: +5 Base damage: 5 Base attack delay: 1.2 This weapon's minimum
   attack delay (0.6) is reached at skill level 12.
   rElec:     It insulates you from electricity.
   MP+9:      It affects your magic capacity (+9).
   Tloc:      It increases the power of your Translocations spells.
   Air:       It increases the power of your Air spells.
   It falls into the 'Staves' category.
   It is a one-handed weapon.
Jewellery
 w - the amulet "Ucejoxze" {rElec rPois rF+ rC- Regen+}
   (You found it on level 15 of a ziggurat)

   [amulet of regeneration]

   rF+:       It protects you from fire.
   rC-:       It makes you vulnerable to cold.
   rElec:     It insulates you from electricity.
   rPois:     It protects you from poison Regen+: It increases your rate of
   health regeneration.
 y - the ring "Gubaant" (left hand) {rF+ rC+ Dex+3 Stlth+}
   (You bought it in a shop on level 8 of the Dungeon)

   [ring of protection from fire]

   Dex+3:     It affects your dexterity (+3).
   rF+:       It protects you from fire.
   rC+:       It protects you from cold.
   Stlth+:    It makes you more stealthy.
 A - the ring "Odattyaph" {rPois rCorr Int+6 Dex+6}
   (You found it on level 6 of a ziggurat)

   [ring of intelligence]

   Int+6:     It affects your intelligence (+6).
   Dex+6:     It affects your dexterity (+6).
   rPois:     It protects you from poison rCorr: It protects you from acid and
   corrosion.
 E - the ring of the Tortoise (right hand) {AC+8}
   (You bought it in a shop on level 8 of the Dungeon)

   [ring of protection]

   AC+8:      It affects your AC (+8).
 P - the amulet "Yczeh" (around neck) {RegenMP rPois Str+2 Int+4}
   (You took it off a deep elf archer on level 3 of the Elven Halls)

   [amulet of magic regeneration]

   RegenMP:   It increases your rate of magic regeneration.
   Str+2:     It affects your strength (+2).
   Int+4:     It affects your intelligence (+4).
   rPois:     It protects you from poison
 V - the ring of Fujaf {*Slow rCorr Int+8 Slay+4}
   (You took it off a deep elf high priest on level 3 of the Elven Halls)

   [ring of slaying]

   Int+8:     It affects your intelligence (+8).
   Slay+4:    It affects your accuracy & damage with ranged weapons and melee
   (+4).
   rCorr:     It protects you from acid and corrosion.
   *Slow:     It may slow you when you take damage.
Wands
 a - a wand of mindburst (45)
 d - a wand of acid (44)
 j - a wand of digging (4)
 Q - a wand of flame (156)
 R - a wand of iceblast (83)
Scrolls
 b - 7 scrolls of butterflies
 m - 8 scrolls of torment
 n - 6 scrolls of enchant weapon
 p - 13 scrolls of noise
 r - 5 scrolls of silence
 x - 10 scrolls of poison
 B - a scroll of brand weapon
 C - 10 scrolls of enchant armour
 G - 10 scrolls of fear
 L - 11 scrolls of immolation
 N - 4 scrolls of blinking
 O - 7 scrolls of revelation
 T - 15 scrolls of fog
 U - 37 scrolls of teleportation {@r4}
 W - 10 scrolls of amnesia
Potions
 c - 6 potions of ambrosia
 e - 5 potions of attraction
 f - 26 potions of curing {@q1}
 h - 4 potions of enlightenment
 i - 11 potions of heal wounds {@q2}
 k - 13 potions of mutation
 l - 7 potions of magic
 o - 11 potions of lignification
 s - 5 potions of invisibility
 u - 9 potions of brilliance
 F - 7 potions of resistance
 H - 3 potions of cancellation
 K - 5 potions of berserk rage
Miscellaneous
 v - a phial of floods
 S - a phantom mirror
 Y - the horn of Geryon
 Z - a lightning rod (4/4)


   Skills:
 - Level 20.2 Fighting
 - Level 3.0 Long Blades
 - Level 20.0 Ranged Weapons
 - Level 6.0 Armour
 - Level 20.0 Dodging
 - Level 10.0 Stealth
 - Level 15.0 Spellcasting
 + Level 20.0 Fire Magic
 - Level 24.3 Ice Magic
 - Level 15.2 Invocations


You had 31 spell levels left.
You knew the following spells:

 Your Spells              Type           Power      Damage    Failure   Level
a - Ozocubu's Refrigerat  Ice            56%        4d20      1%          7
b - Polar Vortex          Ice            56%        12d7*     9%          9
c - Ignition              Fire           52%        3d14      3%          8
d - Apportation           Tloc           50%        N/A       1%          1

Your spell library contained the following spells:

 Spells                   Type           Power      Damage    Failure   Level
 Frozen Ramparts          Ice            100%       1d16      0%          3
 Ozocubu's Armour         Ice            100%       N/A       0%          3
 Kiss of Death            Conj/Necr      100%       2d13      1%          1
 Magic Dart               Conj           100%       1d8       1%          1
 Necrotise                Necr           100%       1d9       1%          1
 Sandblast                Erth           50%        2d12      1%          1
 Shock                    Conj/Air       100%       1d9       1%          1
 Slow                     Hex            100%       N/A       1%          1
 Sting                    Conj/Alch      100%       1d9       1%          1
 Summon Small Mammal      Summ           100%       N/A       1%          1
 Ensorcelled Hibernation  Hex/Ice        100%       N/A       1%          2
 Inner Flame              Hex/Fire       76%        N/A       1%          3
 Summon Ice Beast         Ice/Summ       83%        N/A       1%          3
 Volatile Blastmotes      Fire/Tloc      100%       2d18      1%          3
 Flame Wave               Conj/Fire      76%        2d17      1%          4
 Ignite Poison            Fire/Alch      76%        N/A       1%          4
 Sticky Flame             Fire/Alch      76%        2d12      1%          4
 Summon Blazeheart Golem  Fire/Summ      76%        N/A       1%          4
 Fireball                 Conj/Fire      38%        3d16      1%          5
 Freezing Cloud           Conj/Ice/Air   34%        6-21      1%          5
 Metabolic Englaciation   Hex/Ice        41%        N/A       1%          5
 Sculpt Simulacrum        Ice/Alch       41%        N/A       1%          6
 Call Imp                 Summ           50%        N/A       2%          2
 Cigotuvi's Dreadful Rot  Necr/Alch/Air  50%        N/A       2%          2
 Jinxbite                 Hex            50%        N/A       2%          2
 Mercury Vapours          Alch/Air       50%        N/A       2%          2
 Momentum Strike          Conj/Tloc      50%        3d9       2%          2
 Searing Ray              Conj           50%        2d6       2%          2
 Static Discharge         Conj/Air       50%        3-6/arc   2%          2
 Sublimation of Blood     Necr           25%        N/A       2%          2
 Plasma Beam              Fire/Air       38%        2x1d51    4%          6
 Starburst                Conj/Fire      38%        6d11      4%          6
 Call Canine Familiar     Summ           25%        N/A       5%          3
 Confusing Touch          Hex            25%        N/A       5%          3
 Dazzling Flash           Conj/Hex       50%        N/A       5%          3
 Mephitic Cloud           Conj/Alch/Air  25%        N/A       5%          3
 Passwall                 Erth           25%        N/A       5%          3
 Sigil of Binding         Hex            25%        N/A       5%          3
 Stone Arrow              Conj/Erth      50%        3d10      5%          3
 Swiftness                Air            25%        N/A       5%          3
 Teleport Other           Tloc           25%        N/A       5%          3
 Tukima's Dance           Hex            25%        N/A       5%          3
 Vampiric Draining        Necr           25%        2d7       5%          3
 Airstrike                Air            12%        2d(2-18)  17%         4
 Anguish                  Hex/Necr       12%        N/A       17%         4
 Animate Armour           Summ/Erth      50%        N/A       17%         4
 Animate Dead             Necr           25%        N/A       17%         4
 Brom's Barrelling Bould  Conj/Erth      25%        2d5       17%         4
 Cause Fear               Hex            12%        N/A       17%         4
 Dimensional Bullseye     Hex/Tloc       12%        N/A       17%         4
 Dispel Undead            Necr           25%        3d12      17%         4
 Fulminant Prism          Conj/Alch      12%        3d8       17%         4
 Iskenderun's Mystic Bla  Conj/Tloc      25%        2d7       17%         4
 Leda's Liquefaction      Alch/Erth      12%        N/A       17%         4
 Martyr's Knell           Necr/Summ      25%        N/A       17%         4
 Olgreb's Toxic Radiance  Alch           25%        N/A       17%         4
 Passage of Golubria      Tloc           25%        N/A       17%         4
 Petrify                  Alch/Erth      25%        N/A       17%         4
 Summon Lightning Spire   Summ/Air       25%        N/A       17%         4
 Vhi's Electric Charge    Tloc/Air       50%        N/A       17%         4
 Alistair's Intoxication  Alch           16%        N/A       43%         5
 Arcjolt                  Conj/Air       12%        1d22      43%         5
 Borgnjor's Vile Clutch   Necr/Erth      12%        N/A       43%         5
 Curse of Agony           Necr           25%        N/A       43%         5
 Irradiate                Conj/Alch      12%        3d15      43%         5
 Iskenderun's Battlesphe  Conj           25%        2d8       43%         5
 Lee's Rapid Deconstruct  Erth           12%        3d9*      43%         5
 Summon Forest            Summ/Tloc      12%        N/A       43%         5
 Summon Mana Viper        Hex/Summ       25%        N/A       43%         5
 Yara's Violent Unravell  Hex/Alch       12%        3d7       43%         5
 Bombard                  Conj/Erth      12%        9d3       95%         6
 Conjure Ball Lightning   Conj/Air       12%        3x3d6     95%         6
 Death Channel            Necr           12%        N/A       95%         6
 Eringya's Noxious Bog    Alch           12%        4d6       95%         6
 Summon Cactus Giant      Summ           12%        N/A       95%         6
 Enfeeble                 Hex            12%        N/A       100%        7
 Haunt                    Necr/Summ      12%        N/A       100%        7
 Malign Gateway           Summ/Tloc      12%        N/A       100%        7
 Monstrous Menagerie      Summ           12%        N/A       100%        7
 Orb of Destruction       Conj           12%        9d7       100%        7
 Spellforged Servitor     Conj/Summ      12%        N/A       100%        7
 Summon Hydra             Summ           12%        N/A       100%        7
 Discord                  Hex            12%        N/A       100%        8
 Disjunction              Tloc           12%        N/A       100%        8
 Infestation              Necr           12%        N/A       100%        8
 Maxwell's Capacitive Co  Air            12%        ∞         100%        8
 Summon Horrible Things   Summ           12%        N/A       100%        8
 Death's Door             Necr           12%        N/A       100%        9
 Dragon's Call            Summ           12%        N/A       100%        9


Dungeon Overview and Level Annotations

Branches:
Dungeon (15/15)            Temple (0/1) D:7            Lair (5/5) D:11
 Shoals (4/4) Lair:2       Spider (4/4) Lair:2        Slime (5/5) Lair:5
    Orc (2/2) D:11            Elf (3/3) Orc:2        Vaults (5/5) D:14
  Crypt (3/3) Vaults:2       Tomb (0/3) Crypt:3      Depths (4/4) D:15
   Hell (visited)             Dis (0/7) Hell            Geh (0/7) Hell
    Coc (0/7) Hell            Tar (0/7) Hell            Zot (0/5) Depths:4
  IceCv (visited)         Gauntlet (visited)

Altars:
Cheibriados
Dithmenos
Fedhas
Gozag
Kikubaaqudgha
Makhleb
Nemelex Xobeh
Sif Muna
Trog
Uskayaw
Vehumet
Xom
Yredelemnul
Jiyva
Lugonu

Shops:
D:8 =**[   D:10 (   D:11 *   D:14 :   D:15 =   Orc:2 *=[(=   Elf:1 :*   Elf:3 :
Shoals:1 !   Shoals:3 *(   Shoals:4 *   Vaults:2 !   Vaults:4 (   Vaults:5 [

Portals:
Hell: Depths:1 Depths:3 Depths:4
Abyss: D:4 Lair:5 Depths:2 Depths:3
Pandemonium: Depths:1 Depths:2 Depths:3 Depths:4

Annotations:
D:4 2 transporters, TheBioAlchemist's ghost, amateur GrEE
D:6 3 runed translucent doors, FilipinaGunslinger's ghost, novice HOAl
D:9 2 exclusions
D:14 2 transporters, hikkokomori's ghost, journeyman DEHW
Shoals:1 Roxanne
Spider:2 1 runed translucent door, Tukedd's ghost, journeyman GnIE
Elf:2 3 runed translucent doors
Depths:3 4 transporters


Innate Abilities, Weirdness & Mutations

You have a pair of large antennae on your head. (SInv)
You are completely covered in rugged brown scales. (AC +3, +7% HP)
You can hurl damnation.
You are completely covered in sharp spines.
You are resistant to unholy torment.
Spells you cast and wands you use may paralyse nearby enemies.
You punish those that try to bend your will. (Will+)
You have an uncontrollable temper.
Your flesh is heat resistant. (rF+)


Message History

A demonspawn warmonger is wielding a +2 demon whip of electrocution, wearing a +4 chain mail of positive energy and wearing a +2 kite shield of protection.
A demonspawn warmonger is wielding a +2 heavy battleaxe and wearing a +2 chain mail of fire resistance.
Found twenty-five items.
Found two gates leading back out of this place.
Found a stone staircase leading down.
As you read the scroll of blinking, it crumbles to dust.
You regain access to your magic.
The demonspawn warmonger shouts!
Found four items.
The winds around you calm down.
The demonspawn warmonger mumbles some strange prayers to its god against you.
Your magic feels more tainted.
The demonspawn warmonger calls upon its god to speed up the demonspawn warmonger.
The demonspawn warmonger seems to speed up.
A red devil comes into view. It is wielding a +0 trident.
Press: ? - help, v - describe, . - travel, g - get item Item here: a Necronomicon.
The floor.
Unknown command.
The demonspawn warmonger calls upon its god to speed up the demonspawn warmonger.
The demonspawn warmonger seems to speed up.
The demonspawn warmonger calls upon its god to speed up something.
A large abomination comes into view.
You see here the +8 battleaxe of the Tiger {drain, *Noise rPois Int+7 SInv}.
Casting: Ignition (dangerous; 3% risk of failure)
Confirm with . or Enter, or press ? or * to list all spells.
A great freezing vortex appears and lifts you up.
Malevolent energies surge around you.
The demonspawn warmonger suddenly stops moving!
You lose access to your magic!
The demonspawn warmonger calls down the wrath of its god upon you.
Your magic feels more tainted.
The blizzard demon rages.
The demonspawn warmonger hits you with a +2 demon whip of electrocution!!
* * * LOW HITPOINT WARNING * * *
The demonspawn warmonger completely misses you.
The demonspawn warmonger gores you!
* * * LOW HITPOINT WARNING * * *
A red devil comes into view.
It is wielding a +1 trident of distortion.
The demonspawn warmonger hits you with a +2 demon whip of electrocution!!
You die...

▓▓........
▓▓..........
▓............
▓§§§§§§§......
▓§§§§6§§.......
▓▓§§§§§§§.......
▓§§§6§§§§.......
▓§§@2§§§.......
▓§§§§§§4..4.X..
▓§§§§§§§.......
▓§§§§§§§.......
▓▓§§§§§1............
▓▓.................
▓.................
▓▓▓...............
▓▓...........1..


You could see 2 demonspawn warmongers, a Tzitzimitl (black mark, resistant), a
blizzard demon (berserk, black mark) and 2 red devils.

Vanquished Creatures
  the Royal Jelly (Slime:5)
  6 dread liches
  9 pandemonium lords
  2 ancient liches
  A juggernaut (Depths:4)
  2 Killer Klowns
  Bai Suzhen (Crypt:3)
  7 caustic shrikes
  Geryon (Hell)
  Norris (Elf:1)
  5 golden dragons
  A bone dragon (Crypt:3)
  Arachne (Spider:4)
  The ghost of unrecovered the Unseen, an adept NaAl of Cheibriados (Elf:1)
  3 Brimstone Fiends
  3 Tzitzimimeh (Zig:22)
  2 Ice Fiends
  3 tentacled monstrosities
  6 hellephants
  A walking earthen tome (Depths:4)
  6 liches
  2 deep elf blademasters (Elf:3)
  7 sphinxes
  A quicksilver dragon (Depths:4)
  A walking divine tome (Depths:4)
  6 titans
  36 acid blobs
  2 deep elf master archers (Elf:3)
  2 searing wretches (Zig:6)
  A kraken (Zig:20)
  3 Executioners
  2 tentacled starspawn (Zig:16)
  10 ancient champions
  Agnes (Elf:1)
  4 shadow dragons
  7 tengu reavers
  5 storm dragons
  A storm dragon (shapeshifter) (Zig:21)
  20 azure jellies
  6 revenants
  Donald (Elf:1)
  12 vault wardens
  14 rockslimes
  11 fire giants
  2 demonspawn warmongers (Zig:22)
  2 draconian monks (Zig:7)
  12 frost giants
  2 iron dragons (Vaults:5)
  A fire giant (shapeshifter) (Zig:21)
  4 deep elf sorcerers (Elf:3)
  Louise (Shoals:1)
  A draconian knight (Zig:7)
  10 emperor scorpions
  5 deep elf elementalists (Elf:3)
  2 draconian shifters
  8 ghost moths
  4 curse skulls (Zig:20)
  9 orc warlords
  A ghoul (Crypt:3)
  5 formless jellyfish
  4 cacodemons
  9 reapers
  5 balrugs
  16 very ugly things
  A demonspawn blood saint (Zig:22)
  22 stone giants
  15 quicksilver oozes
  7 vampire knights
  2 demonspawn corrupters (Zig:22)
  6 ironbound thunderhulks
  5 broodmothers
  19 ironbound preservers
  A black draconian (Depths:4)
  2 demonspawn black suns (Zig:22)
  2 putrid mouths (Hell)
  6 deep elf death magi
  9 war gargoyles
  A minotaur (Gauntlet)
  3 white draconians (Depths:4)
  11 deep elf annihilators
  4 green draconians
  2 lorocyprocas
  9 deep elf demonologists
  19 dire elephants
  A purple draconian (Depths:4)
  A wendigo (Depths:4)
  A red draconian (Depths:4)
  5 spark wasps
  A mummy priest (Elf:3)
  4 iron golems (Depths:4)
  4 crystal guardians
  6 eidola
  The ghost of Livid the Blocker, a journeyman GnFi of Okawaru (Lair:1)
  2 blizzard demons
  Snorg (Lair:5)
  12 entropy weavers
  4 deep elf high priests
  A quicksilver dragon zombie (Crypt:3)
  9 ettins
  9 merfolk impalers
  4 green deaths (Zig:22)
  5 merfolk javelineers
  Fannar (Lair:2)
  9 fire dragons
  12 great orbs of eyes
  3 hydras
  A spriggan zombie (Crypt:3)
  25 vault guards
  Erolcha (D:9)
  10 yaktaur captains
  2 spectral krakens (Zig:20)
  2 jorogumos
  5 alligator snapping turtles
  8 ice dragons
  7 spriggan air magi
  2 hell beasts (Zig:22)
  A salamander tyrant (Zig:6)
  12 boulder beetles
  4 peacekeepers
  3 rakshasas
  9 merfolk avatars
  5 merfolk aquamancers
  26 centaur warriors
  6 ogre magi
  2 death knights
  A two-headed ogre (shapeshifter) (Zig:9)
  A catoblepas (Zig:18)
  Erica (D:8)
  An alligator snapping turtle (shapeshifter) (Zig:21)
  28 dancing weapons
  21 two-headed ogres
  3 radroaches
  5 satyrs
  8 death yaks
  6 ironbound frosthearts
  5 deep troll shamans
  5 tengu warriors
  A death scarab (Spider:4)
  2 occultists (Depths:1)
  7 deep troll earth magi
  A naga sharpshooter (Zig:8)
  9 vampire magi
  2 titan zombies (Crypt:3)
  A holy swine (Zig:22)
  4 spriggan berserkers
  A shock serpent (shapeshifter) (Zig:21)
  11 demonic crawlers
  28 hell knights
  15 orc high priests
  2 shock serpents (Zig:4)
  Urug (D:14)
  8 thrashing horrors
  2 wretched stars (Zig:16)
  12 soul eaters
  12 deep elf knights
  13 iron trolls
  Sonja (Lair:4)
  5 shadow wraiths
  10 sun demons
  2 sixfirhies
  14 pharaoh ants
  19 skysharks
  21 skeletal warriors
  7 glowing orange brains
  A death drake (Gauntlet)
  21 sea snakes
  2 spatial maelstroms (Zig:16)
  2 glowing orange brains (shapeshifter)
  12 orb spiders
  8 flayed ghosts
  63 deep trolls
  3 orange crystal statues
  2 orb spiders (shapeshifter)
  5 arcanists
  A tengu zombie (Vaults:1)
  A kraken simulacrum (Zig:20)
  12 harpies
  13 deep elf archers
  5 shadow demons
  8 steelbarb worms
  11 ironbound convokers
  9 lindwurms
  A golden dragon skeleton (Vaults:3)
  A spriggan simulacrum (Hell)
  An obsidian statue (Elf:1)
  20 wolf spiders
  17 phantasmal warriors
  31 deep elf pyromancers
  16 necromancers
  10 orc knights
  22 deep elf zephyrmancers
  An oklob plant (Lair:3)
  22 fauns
  9 shining eyes
  An eleionoma zombie (Crypt:2)
  35 ugly things
  An alligator skeleton (Crypt:2)
  A shining eye (shapeshifter) (Depths:3)
  9 orc sorcerers
  A frost giant skeleton (Vaults:1)
  A stone giant skeleton (Vaults:3)
  10 cyclopes
  9 manticores
  A meliai (shapeshifter) (D:15)
  2 centaur zombies (Gauntlet)
  4 eyes of devastation
  2 spectral centaurs (Gauntlet)
  A meliai (Zig:12)
  6 black mambas
  9 kobold blastminers
  11 merfolk sirens
  7 rust devils (Hell)
  98 slime creatures
  Joseph (D:9)
  2 apocalypse crabs
  7 moths of wrath
  3 ice statues
  5 smoke demons
  A dire elephant zombie (Crypt:3)
  7 water nymphs
  10 elephants
  13 torpor snails
  The ghost of epsilonplus the Gusty, a novice TeAE (D:5)
  19 cane toads
  A black mamba (shapeshifter) (Lair:5)
  A cane toad (shapeshifter) (Zig:9)
  14 vault sentinels
  2 dire elephant skeletons (Crypt:3)
  A water nymph (shapeshifter) (Vaults:5)
  4 molten gargoyles (Hell)
  A centaur skeleton (Crypt:3)
  A titan simulacrum (Depths:2)
  An orange demon (Zig:22)
  A storm dragon simulacrum (Hell)
  2 gargoyles (D:11)
  9 large abominations
  6 kobold demonologists
  Maggie (D:6)
  3 hellions
  3 unseen horrors
  A rime drake (shapeshifter) (D:14)
  4 rime drakes
  An unseen horror (shapeshifter) (D:14)
  A steelbarb worm zombie (Crypt:2)
  3 tormentors
  A swamp worm zombie (Crypt:1)
  10 freezing wraiths
  13 komodo dragons
  An efreet (D:14)
  An ice devil (Hell)
  26 yaktaurs
  3 tengu conjurers
  21 trolls
  An ancient zyme (Zig:16)
  A queen bee (D:11)
  A red devil (Hell)
  2 polar bears (shapeshifter)
  8 polar bears
  9 wind drakes
  5 harpy zombies (Shoals:1)
  2 hornets
  A hellwing (Zig:22)
  A yaktaur skeleton (Vaults:1)
  4 tyrant leeches (Spider:4)
  A queen bee (shapeshifter) (D:15)
  14 merfolk
  A tengu simulacrum (Depths:2)
  Grinder (D:4)
  A hydra skeleton (Crypt:2)
  A glass eye (shapeshifter) (Depths:4)
  22 tarantellas
  Prince Ribbit (D:9)
  4 raiju
  A frost giant simulacrum (Depths:2)
  16 snapping turtles
  36 blink frogs
  A fire dragon zombie (Crypt:3)
  14 dream sheep
  An ettin zombie (Crypt:3)
  A stone giant simulacrum (Vaults:1)
  4 glass eyes
  A spriggan (Depths:4)
  5 air elementals
  A culicivora (shapeshifter) (Depths:4)
  4 shadows
  24 culicivoras
  7 wraiths
  34 yaks
  A spriggan (shapeshifter) (D:14)
  37 jumping spiders
  16 wargs
  A vampire (D:9)
  16 humans (D:14)
  18 water elementals
  5 wyverns
  6 ynoxinuls
  A black mamba skeleton (Crypt:1)
  8 basilisks
  2 fire elementals
  Grum (D:9)
  2 steam dragons (D:8)
  9 golden eyes
  67 redbacks
  3 vampire mosquitoes (D:10)
  A neqoxec (Zig:16)
  Menkaure (D:6)
  2 acid dragons
  12 small abominations (Lair:5)
  2 chaos spawn
  A spatial vortex (Zig:16)
  5 hell hounds (Hell)
  A naga zombie (Crypt:3)
  17 water moccasins
  A cane toad zombie (Crypt:1)
  An ogre skeleton (Vaults:1)
  Duvessa (D:6)
  54 orc warriors
  31 laughing skulls
  A sky beast (D:8)
  A cane toad skeleton (Crypt:1)
  4 black bears
  2 manticore zombies (Shoals:1)
  A human zombie (Vaults:3)
  26 ogres
  3 boggarts (Elf:3)
  55 wolves
  A tengu (shapeshifter) (Lair:5)
  12 centaurs
  4 kobold brigands
  16 bullfrogs
  4 gnoll sergeants
  2 scorpions (D:5)
  5 earth elementals
  4 necrophages (Crypt:3)
  A water moccasin zombie (D:5)
  17 wights
  Dowan (D:6)
  38 killer bees
  A troll skeleton (Crypt:1)
  A shapeshifter skeleton (Crypt:1)
  10 howler monkeys
  2 electric eels
  2 bullfrog zombies (D:5)
  A bombardier beetle (D:6)
  3 hounds
  21 orc priests
  12 starcursed masses (Zig:16)
  3 gnoll boudas
  A black bear skeleton (Crypt:2)
  4 iguanas
  A boggart zombie (Crypt:2)
  25 orc wizards
  A killer bee simulacrum (D:9)
  Robin (D:4)
  7 adders
  19 gnolls
  A steam dragon zombie (Crypt:2)
  2 shadow imps
  A white imp (D:6)
  3 ufetubi (Gauntlet)
  A lava snake zombie (Crypt:1)
  An iguana skeleton (Crypt:1)
  3 ribbon worms
  4 dart slugs
  74 orcs
  5 bats
  7 endoplasms
  6 giant cockroaches
  16 goblins
  5 hobgoblins
  3 quokkas
  4 ball pythons
  4 frilled lizards
  5 kobolds
  5 rats
  2 aspiring fleshes (Zig:9)
  5 starspawn tentacles (Zig:16)
  3 tentacles (Zig:20)
2762 creatures vanquished.

Vanquished Creatures (others)
  A frost giant (Depths:3)
  A spriggan defender (Depths:3)
  A very ugly thing (Depths:2)
  A vault guard (Vaults:5)
  A phantasmal warrior (Zig:13)
  A deep elf zephyrmancer (Elf:1)
  2 titan simulacra (Hell)
  An orc wizard (D:11)
  3 starspawn tentacles (Zig:16)
  10 tentacles (Zig:20)
22 creatures vanquished.

Grand Total: 2784 creatures vanquished

Notes
Turn   | Place    | Note
-------+----------+-------------------------------------------
     0 | D:1      | freelancePsychic the Demonspawn Monk began the quest for
                  | the Orb.
     0 | D:1      | Reached XP level 1. HP: 18/18 MP: 1/1
   183 | D:1      | Gained mutation: You are partially covered in rugged brown
                  | scales. (AC +1, +3% HP) [demonic ancestry]
   183 | D:1      | Reached XP level 2. HP: 15/24 MP: 2/2
   838 | D:2      | Reached skill level 1 in Ranged Weapons
   936 | D:2      | Gained mutation: You are partially covered in sharp spines.
                  | [demonic ancestry]
   936 | D:2      | Reached XP level 3. HP: 29/29 MP: 3/3
  1767 | D:3      | Gained mutation: You have a pair of small antennae on your
                  | head. [demonic ancestry]
  1767 | D:3      | Reached XP level 4. HP: 38/38 MP: 4/4
  2026 | D:3      | Found a shadowy altar of Dithmenos.
  2026 | D:3      | Found a basalt altar of Yredelemnul.
  2187 | D:4      | Found a snail-covered altar of Cheibriados.
  2190 | D:4      | Became a worshipper of Cheibriados the Contemplative
  2190 | D:4      | Reached * piety under Cheibriados
  2190 | D:4      | Reached ** piety under Cheibriados
  2386 | D:4      | Found a transporter.
  2398 | D:4      | Noticed an ogre
  2406 | D:4      | Killed an ogre
  2407 | D:4      | Gained mutation: You are mostly covered in sharp spines.
                  | [demonic ancestry]
  2407 | D:4      | Reached XP level 5. HP: 34/44 MP: 5/5
  2418 | D:4      | Noticed TheBioAlchemist's ghost (amateur GrEE)
  2462 | D:4      | Found a transporter.
  2596 | D:4      | Noticed a wyvern
  2661 | D:4      | Killed a wyvern
  2662 | D:4      | Reached XP level 6. HP: 46/51 MP: 6/6
  2712 | D:4      | Found a one-way gate to the infinite horrors of the Abyss.
  2886 | D:4      | Noticed Robin
  2886 | D:4      | Noticed Grinder
  2898 | D:4      | Killed Robin
  2920 | D:4      | Killed Grinder
  2920 | D:4      | Reached *** piety under Cheibriados
  2921 | D:4      | Reached skill level 5 in Fighting
  2921 | D:4      | Gained mutation: You are mostly covered in rugged brown
                  | scales. (AC +2, +5% HP) [demonic ancestry]
  2921 | D:4      | Reached XP level 7. HP: 34/58 MP: 6/8
  3235 | D:5      | Entered Level 5 of the Dungeon
  3270 | D:5      | Found a radiant altar of Vehumet.
  3293 | D:5      | Reached skill level 5 in Ranged Weapons
  3307 | D:5      | Found a shimmering altar of Xom.
  3472 | D:5      | Found a runed translucent gate.
  3472 | D:5      | Found a runed translucent gate.
  3473 | D:5      | Found a runed translucent gate.
  3475 | D:5      | Noticed epsilonplus's ghost (novice TeAE)
  3617 | D:5      | Found a burning altar of Makhleb.
  3802 | D:5      | Reached XP level 8. HP: 43/67 MP: 10/10
  4974 | D:6      | Found a runed translucent gate.
  4974 | D:6      | Found a runed translucent gate.
  4974 | D:6      | Found a runed translucent gate.
  4974 | D:6      | Noticed FilipinaGunslinger's ghost (novice HOAl)
  5042 | D:6      | Noticed Maggie
  5063 | D:6      | Killed Maggie
  5064 | D:6      | Reached skill level 5 in Invocations
  5413 | D:7      | Noticed a troll
  5445 | D:7      | Identified a scroll of acquirement
  5447 | D:7      | Acquired a +1 arbalest of flaming
  5565 | D:7      | Gained mutation: Spells you cast may paralyse adjacent
                  | enemies. [demonic ancestry]
  5565 | D:7      | Reached XP level 9. HP: 74/74 MP: 13/13
  5570 | D:7      | Reached **** piety under Cheibriados
  5580 | D:7      | Found a staircase to the Ecumenical Temple.
  5587 | D:7      | Killed a troll
  6159 | D:8      | You fall into a shaft and drop 1 floor!
  6160 | D:9      | Noticed a moth of wrath
  6160 | D:9      | Noticed Prince Ribbit
  6167 | D:9      | Killed Prince Ribbit
  6228 | D:8      | Found Gakhlon's General Store.
  6304 | D:8      | Found Ruijepsu's Armour Emporium.
  6322 | D:8      | Bought a +2 pair of gloves for 198 gold pieces
  6337 | D:8      | Noticed Erica
  6344 | D:8      | Killed Erica
  6429 | D:8      | Reached XP level 10. HP: 83/84 MP: 16/16
  6925 | D:8      | Found Jaeledaq's Jewellery Shop.
  7340 | D:8      | Found Mutemorr's General Store.
  7776 | D:6      | Noticed Menkaure
  7778 | D:6      | Killed Menkaure
  7913 | D:6      | Noticed Duvessa
  7915 | D:6      | Killed Duvessa
  7916 | D:6      | Noticed Dowan
  7918 | D:6      | Killed Dowan
  7919 | D:6      | Reached skill level 10 in Ranged Weapons
  8084 | D:5      | Killed epsilonplus's ghost
  8388 | D:9      | Reached ***** piety under Cheibriados
  8508 | D:9      | Noticed a two-headed ogre
  8513 | D:9      | Killed a two-headed ogre
  8675 | D:9      | Noticed a two-headed ogre
  8675 | D:9      | Noticed a five-headed hydra
  8746 | D:9      | Killed a two-headed ogre
  8747 | D:9      | Reached XP level 11. HP: 91/93 MP: 17/17
  8769 | D:9      | Killed a five-headed hydra
  8803 | D:9      | Noticed a centaur warrior
  8805 | D:9      | Killed a centaur warrior
  8806 | D:9      | Reached skill level 5 in Dodging
  9009 | D:9      | Identified the +0 shortbow of the Divine God {heavy, rC+
                  | Str+2}
  9022 | D:9      | Noticed a deep elf zephyrmancer
  9031 | D:9      | Killed a deep elf zephyrmancer
  9204 | D:9      | Noticed Erolcha
  9217 | D:9      | Killed Erolcha
  9218 | D:9      | Reached skill level 10 in Fighting
  9221 | D:9      | Noticed a two-headed ogre
  9224 | D:9      | Killed a two-headed ogre
  9273 | D:9      | Noticed Grum
  9277 | D:9      | Killed Grum
  9434 | D:9      | Identified the +0 hand axe "Oniddi Cunin" {elec, rC+ rCorr}
  9434 | D:9      | Noticed a deep elf pyromancer
  9447 | D:9      | Killed a deep elf pyromancer
  9612 | D:9      | Found a sparkling altar of Nemelex Xobeh.
  9740 | D:9      | Found a bloodstained altar of Trog.
  9797 | D:9      | Found an ancient bone altar of Kikubaaqudgha.
  9810 | D:9      | Noticed Joseph
  9822 | D:9      | Killed Joseph
 10032 | D:10     | Entered Level 10 of the Dungeon
 10065 | D:10     | Noticed a two-headed ogre
 10110 | D:10     | Found Ecziemio's Weapon Emporium.
 10177 | D:10     | Found a blossoming altar of Fedhas.
 10345 | D:10     | Killed a two-headed ogre
 10346 | D:10     | Reached skill level 1 in Stealth
 10574 | D:11     | Found a staircase to the Lair.
 10607 | D:11     | Gained mutation: You have a pair of antennae on your head.
                  | [demonic ancestry]
 10607 | D:11     | Reached XP level 12. HP: 103/103 MP: 18/18
 10751 | D:11     | Found a staircase to the Orcish Mines.
 10756 | D:11     | Found Waja's Assorted Antiques.
 10966 | D:11     | Noticed a boulder beetle
 10983 | D:11     | Killed a boulder beetle
 11016 | D:11     | Reached ****** piety under Cheibriados
 11182 | D:11     | Noticed a two-headed ogre
 11188 | D:11     | Killed a two-headed ogre
 11637 | Orc:1    | Entered Level 1 of the Orcish Mines
 11690 | Orc:2    | Entered Level 2 of the Orcish Mines
 11749 | Orc:2    | Noticed an orc high priest
 11759 | Orc:2    | Killed an orc high priest
 12173 | Orc:2    | Found a staircase to the Elven Halls.
 12259 | Orc:2    | Found Erocw's Jewellery Boutique.
 12277 | Orc:2    | Gained mutation: You have a pair of large antennae on your
                  | head. (SInv) [demonic ancestry]
 12277 | Orc:2    | Reached XP level 13. HP: 79/108 MP: 19/19
 12484 | Orc:2    | Reached skill level 5 in Stealth
 12737 | Orc:2    | Noticed an orc warlord
 14606 | D:8      | Bought the ring "Gubaant" {rF+ rC+ Dex+3 Stlth+} for 529
                  | gold pieces
 14784 | Lair:1   | Entered Level 1 of the Lair of Beasts
 15003 | Lair:1   | Noticed Livid's ghost (journeyman GnFi)
 15006 | Lair:1   | Found a runed translucent door.
 15800 | Lair:1   | Killed Livid's ghost
 15992 | Lair:2   | Reached skill level 15 in Ranged Weapons
 16016 | Lair:2   | Noticed Fannar
 16020 | Lair:2   | Killed Fannar
 16228 | Lair:2   | Found a hole to the Spider Nest.
 16435 | Lair:2   | Found a staircase to the Shoals.
 16969 | Lair:3   | Gained mutation: You are completely covered in rugged brown
                  | scales. (AC +3, +7% HP) [demonic ancestry]
 16969 | Lair:3   | Reached XP level 14. HP: 103/124 MP: 20/20
 17876 | Lair:4   | Identified the +2 robe of Gozag, Supporting {*Slow Regen+
                  | Str+3 Dex+5}
 18375 | Lair:4   | Noticed Sonja
 18379 | Lair:4   | Killed Sonja
 18556 | Lair:5   | Entered Level 5 of the Lair of Beasts
 18657 | Lair:5   | Noticed Snorg
 18662 | Lair:5   | Killed Snorg
 18680 | Lair:5   | Reached skill level 10 in Dodging
 18784 | Lair:5   | Found a frozen archway.
 18796 | IceCv    | Entered an ice cave
 19123 | IceCv    | Reached XP level 15. HP: 99/132 MP: 21/21
 19172 | IceCv    | Noticed a frost giant
 19189 | IceCv    | Killed a frost giant
 19858 | Lair:5   | Found a corrupted altar of Lugonu.
 19889 | Lair:5   | Got the Catalogue of Morbid Fumes
 20124 | Lair:5   | Found a viscous altar of Jiyva.
 20134 | Lair:5   | Found a staircase to the Slime Pits.
 21162 | D:8      | Bought the ring of the Tortoise {AC+8} for 1536 gold pieces
 21162 | D:8      | Found the ring of the Tortoise {AC+8}
 21725 | D:13     | Acquired 1103 gold pieces
 21904 | D:14     | Noticed Urug
 21904 | D:14     | Found a gate to the Vaults.
 21913 | D:14     | Killed Urug
 21914 | D:14     | Reached skill level 10 in Stealth
 22052 | D:14     | Found a gate leading to a gauntlet.
 22061 | Gauntlet | Entered a Gauntlet
 22061 | Gauntlet | Found a transporter.
 22061 | Gauntlet | Found a transporter.
 22061 | Gauntlet | Found a transporter.
 22062 | Gauntlet | Found a transporter.
 22066 | Gauntlet | Found a transporter.
 22067 | Gauntlet | Found a transporter.
 22073 | Gauntlet | Found a transporter.
 22075 | Gauntlet | Found a transporter.
 22075 | Gauntlet | Found a transporter.
 22077 | Gauntlet | Found a transporter.
 22085 | Gauntlet | Found a transporter.
 22086 | Gauntlet | Found a transporter.
 22127 | Gauntlet | Found the +3 salamander hide armour {Flames, rFlCloud rF++
                  | rC--}
 22167 | Gauntlet | Found a runed translucent door.
 22290 | Gauntlet | Identified the -1 helmet of the Beggar {rElec Int+4}
 22309 | Gauntlet | Identified the ring of Dosiasai {rC- rN+ Will+ EV+5}
 22563 | D:14     | Found Neridgh's Vocational Training.
 22601 | D:14     | Found a transporter.
 22601 | D:14     | Noticed hikkokomori's ghost (journeyman DEHW)
 22859 | D:14     | Found a transporter.
 23228 | D:15     | Entered Level 15 of the Dungeon
 23228 | D:15     | Found Mememat's Jewellery Emporium.
 23278 | D:15     | Noticed an emperor scorpion
 23288 | D:15     | Killed an emperor scorpion
 23294 | D:15     | Reached XP level 16. HP: 133/143 MP: 22/22
 23326 | D:15     | Found a staircase to the Depths.
 23722 | D:15     | Found a shimmering blue altar of Sif Muna.
 23834 | D:15     | Found a portal to a secret trove of treasure.
 24174 | Spider:1 | Entered Level 1 of the Spider Nest
 24411 | Spider:1 | Reached skill level 15 in Fighting
 24964 | Spider:2 | Found a runed translucent door.
 24964 | Spider:2 | Found a shimmering altar of Xom.
 24964 | Spider:2 | Noticed Tukedd's ghost (journeyman GnIE)
 24964 | Spider:2 | Identified the +3 war axe "Murmur" {chaos, Dex+6}
 25104 | Spider:2 | You fall into a shaft and drop 1 floor!
 25542 | Spider:3 | Acquired a +6 heavy triple crossbow
 26212 | Spider:2 | Gained mutation: You are completely covered in sharp
                  | spines. [demonic ancestry]
 26212 | Spider:2 | Reached XP level 17. HP: 151/151 MP: 23/23
 26658 | Spider:4 | Entered Level 4 of the Spider Nest
 26700 | Spider:4 | Identified the serpent talisman of Duaqaox {rElec rCorr}
 26746 | Spider:4 | Reached skill level 15 in Dodging
 26889 | Spider:4 | Noticed Arachne
 26898 | Spider:4 | Killed Arachne
 27579 | Spider:4 | Got a gossamer rune of Zot
 27933 | Shoals:1 | Entered Level 1 of the Shoals
 27971 | Shoals:1 | Reached skill level 1 in Ice Magic
 28061 | Shoals:1 | Noticed Roxanne
 28068 | Shoals:1 | Reached skill level 2 in Ice Magic
 28096 | Shoals:1 | Noticed Louise
 28102 | Shoals:1 | Killed Louise
 28142 | Shoals:1 | Reached skill level 3 in Ice Magic
 28295 | Shoals:1 | Identified the +12 dagger of Twilight {speed, rF- Str+3
                  | Stlth+}
 28310 | Shoals:1 | Found Agoblun's Distillery.
 28384 | Shoals:1 | Reached skill level 4 in Ice Magic
 28862 | D:15     | You paid a toll of 5 potions of resistance to enter a
                  | treasure trove
 28863 | Trove    | Entered a treasure trove
 28875 | Trove    | Identified the +6 longbow "Yzxek" {freeze, ^Fragile Will+
                  | Dex+5}
 28877 | Trove    | Identified the +4 longbow of Daruublu {freeze, Str+3}
 28887 | Trove    | Found the +8 storm bow {elec, penet}
 28908 | Trove    | Identified the +6 flail of Raotwe {elec, rCorr}
 28909 | Trove    | Identified the +6 orcbow of Youthful Indiscretion {elec,
                  | Int+4 Stlth+}
 28911 | Trove    | Identified the +5 double sword of Vumoavan {venom, ^Drain
                  | Fly rElec}
 28944 | Trove    | Identified the +10 great mace of the Transmuting Gods
                  | {flame, rC+ rN+ Int+3 Dex-5 Stlth+}
 29147 | Shoals:2 | Reached skill level 5 in Ice Magic
 29192 | Shoals:2 | Gained mutation: Spells you cast may paralyse nearby
                  | enemies. [demonic ancestry]
 29192 | Shoals:2 | Reached XP level 18. HP: 115/159 MP: 24/24
 29349 | Shoals:2 | Reached skill level 6 in Ice Magic
 29389 | Shoals:2 | Reached skill level 7 in Ice Magic
 29832 | Shoals:3 | Reached skill level 8 in Ice Magic
 29927 | Shoals:3 | Found Goluen's Overcharged Wands.
 30095 | Shoals:3 | Reached skill level 9 in Ice Magic
 30095 | Shoals:3 | Found Kasyas's Weapon Emporium.
 30355 | Shoals:3 | Identified the maw talisman of Servitude {*Corrode Int+3
                  | Slay+2}
 30359 | Shoals:4 | Entered Level 4 of the Shoals
 30426 | Shoals:4 | Found the sphere of Battle
 30473 | Shoals:4 | Paralysed by a formless jellyfish for 1 turns
 30478 | Shoals:4 | Reached skill level 10 in Ice Magic
 30657 | Shoals:4 | Reached skill level 11 in Ice Magic
 30666 | Shoals:4 | Got a barnacled rune of Zot
 30725 | Shoals:4 | Found the +10 zealot's sword {holy, Zealotry, *Rage rN+
                  | EV+3}
 31181 | Shoals:4 | Reached skill level 12 in Ice Magic
 31216 | Shoals:4 | Found the +3 Mad Mage's Maulers {Infuse+∞ VampMP -Cast}
 31240 | Shoals:4 | Found Kaedulome's General Store.
 31252 | Shoals:4 | Bought a scroll of teleportation for 45 gold pieces
 31484 | Slime:1  | Entered Level 1 of the Pits of Slime
 32516 | Slime:2  | Gained mutation: Spells you cast and wands you use may
                  | paralyse nearby enemies. [demonic ancestry]
 32516 | Slime:2  | Reached XP level 19. HP: 165/165 MP: 25/25
 32532 | Slime:2  | Reached skill level 13 in Ice Magic
 32539 | Slime:2  | Gained mutation: You are frail. (-10% HP) [a shining eye]
 33040 | Slime:5  | Entered Level 5 of the Pits of Slime
 33115 | Slime:5  | Reached skill level 14 in Ice Magic
 33115 | Slime:5  | Reached skill level 10 in Invocations
 33337 | Slime:5  | Noticed the Royal Jelly
 33346 | Slime:5  | Killed the Royal Jelly
 33457 | Slime:5  | Identified the +0 flail "Dovaowkuxt" {drain, Str+2}
 33560 | Slime:5  | Found the ring of Shadows {Umbra +Inv Stlth+}
 33592 | Slime:5  | Identified the +4 short sword of Ilothadi {heavy, rCorr}
 33652 | Slime:5  | Got a slimy rune of Zot
 33975 | Orc:2    | Found Kapeniz's General Store.
 33993 | Orc:2    | Bought a scroll of teleportation for 48 gold pieces
 33993 | Orc:2    | Bought a phial of floods for 640 gold pieces
 33993 | Orc:2    | Bought a scroll of immolation for 64 gold pieces
 34048 | Orc:2    | Found Zosyh's Antique Weapon Boutique.
 34064 | Orc:2    | Found Quong's Jewellery Boutique.
 34079 | Orc:2    | Found Zodgh's Antique Armour Boutique.
 34095 | Elf:1    | Entered Level 1 of the Elven Halls
 34098 | Elf:1    | Noticed Donald
 34108 | Orc:2    | Reached skill level 15 in Ice Magic
 34216 | Orc:2    | Learned a level 7 spell: Ozocubu's Refrigeration
 34225 | Elf:1    | Killed Donald
 34289 | Elf:1    | Found Liziak's Tremendous Tomes.
 34408 | Elf:1    | Noticed Agnes
 34418 | Elf:1    | Killed Agnes
 34590 | Elf:1    | Paralysed by an air elemental for 1 turns
 34716 | Elf:1    | Noticed Norris
 34729 | Elf:1    | Gained mutation: You punish those that try to bend your
                  | will. (Will+) [demonic ancestry]
 34729 | Elf:1    | Reached XP level 20. HP: 157/157 MP: 24/29
 34735 | Elf:1    | Killed Norris
 34776 | Elf:1    | Found a runed translucent gate.
 34777 | Elf:1    | Found a runed translucent gate.
 34777 | Elf:1    | Found a runed translucent gate.
 34777 | Elf:1    | Found an opulent altar of Gozag.
 34779 | Elf:1    | Noticed unrecovered's ghost (adept NaAl)
 34781 | Elf:1    | Found Lavvat's Assorted Antiques.
 34787 | Elf:1    | Paralysed by an air elemental for 1 turns
 34809 | Elf:1    | Killed unrecovered's ghost
 34810 | Elf:1    | Reached skill level 16 in Ice Magic
 35348 | Elf:2    | Found a runed translucent gate.
 35348 | Elf:2    | Found a runed translucent gate.
 35349 | Elf:2    | Found a runed translucent gate.
 35776 | Elf:3    | Entered Level 3 of the Elven Halls
 36152 | Elf:3    | Found Biskitena's Book Shop.
 36357 | Elf:3    | Reached skill level 17 in Ice Magic
 36371 | Elf:3    | HP: 3/157 [deep elf high priest/a malign offering (26)]
 36507 | Elf:3    | Identified the +3 ring mail "Sope Vasougo" {Will+ Dex+7}
 36518 | Elf:3    | Identified the +2 chain mail "Toas" {-Cast rElec Str+4}
 36629 | Elf:3    | Identified the +4 dagger of the Revolution {freeze, Dex+3}
 36663 | Elf:3    | Got the Papyrus of Destructive Blasphemous Acts
 36682 | Elf:3    | Identified the staff "Oloasm" {rElec Will- rCorr SInv Hexes
                  | Air}
 36765 | Elf:3    | Reached skill level 15 in Invocations
 37047 | Elf:3    | Found a shimmering blue altar of Sif Muna.
 37112 | Elf:3    | Identified the amulet "Yczeh" {RegenMP rPois Str+2 Int+4}
 37137 | Elf:3    | Got the Almanac of the Familiar
 37261 | Elf:3    | Learned a level 9 spell: Polar Vortex
 37337 | Elf:3    | Identified the ring of Fujaf {*Slow rCorr Int+8 Slay+4}
 37399 | Elf:3    | Lost mutation: You are frail. (-10% HP) [potion of
                  | mutation]
 37399 | Elf:3    | Gained mutation: You sometimes lose your temper in combat.
                  | [potion of mutation]
 37399 | Elf:3    | Gained mutation: You have an uncontrollable temper. [potion
                  | of mutation]
 37399 | Elf:3    | Gained mutation: Your flesh is heat resistant. (rF+)
                  | [potion of mutation]
 37399 | Elf:3    | Gained mutation: You are robust. (+10% HP) [potion of
                  | mutation]
 37551 | Vaults:1 | Entered Level 1 of the Vaults
 37591 | Vaults:1 | Reached skill level 1 in Spellcasting
 37784 | Vaults:1 | Reached skill level 18 in Ice Magic
 37978 | Vaults:1 | Reached XP level 21. HP: 196/196 MP: 32/32
 38921 | Vaults:2 | Found a staircase to the Crypt.
 38921 | Vaults:2 | Found a basalt altar of Yredelemnul.
 38921 | Vaults:2 | Found an ancient bone altar of Kikubaaqudgha.
 38924 | Vaults:2 | Reached skill level 5 in Spellcasting
 39207 | Vaults:2 | Identified the +5 dagger "Hulyq" {flame, rElec Str+3}
 39676 | Vaults:2 | Reached skill level 19 in Ice Magic
 39831 | Vaults:2 | Found Ilolluve's Distillery.
 39835 | Vaults:2 | Bought a potion of invisibility for 160 gold pieces
 40729 | Vaults:3 | Reached skill level 1 in Armour
 41280 | Vaults:4 | Reached XP level 22. HP: 196/204 MP: 26/34
 41501 | Vaults:4 | Reached skill level 20 in Ice Magic
 41597 | Vaults:4 | Found Coun's Antique Weapon Shop.
 42289 | Vaults:5 | Entered Level 5 of the Vaults
 42380 | Vaults:5 | Reached skill level 5 in Armour
 42389 | Vaults:5 | Noticed a golden dragon
 42403 | Vaults:5 | Killed a golden dragon
 42645 | Vaults:5 | Reached skill level 21 in Ice Magic
 43476 | Vaults:5 | Noticed a dread lich
 43489 | Vaults:5 | Killed a dread lich
 43590 | Vaults:5 | Reached skill level 22 in Ice Magic
 43640 | Vaults:5 | Got Niewn's Elucidation of Apparitions and Conduction
 43877 | Vaults:5 | Got a silver rune of Zot
 43962 | Vaults:5 | Found Kosuoseicu's Antique Armour Shop.
 43970 | Vaults:5 | Bought a transparent cloak for 370 gold pieces
 43970 | Vaults:5 | Identified the +1 cloak of the Kappa {Str+5} (You bought it
                  | in a shop on level 5 of the Vaults)
 44027 | Vaults:5 | Reached XP level 23. HP: 211/211 MP: 35/35
 44250 | Crypt:1  | Entered Level 1 of the Crypt
 44340 | Crypt:1  | You fall into a shaft and drop 1 floor!
 44934 | Crypt:2  | Acquired 451 gold pieces
 45495 | Crypt:1  | Found a runed translucent door.
 45496 | Crypt:1  | Noticed a dread lich
 45612 | Crypt:1  | Killed a dread lich
 45614 | Crypt:1  | Identified the +0 ice dragon scales of the Depths {rPois
                  | rF- rC++}
 45714 | Crypt:3  | Entered Level 3 of the Crypt
 45805 | Crypt:2  | Found a basalt altar of Yredelemnul.
 45891 | Crypt:3  | Reached skill level 23 in Ice Magic
 46149 | Crypt:3  | Noticed Bai Suzhen
 46161 | Crypt:3  | Killed Bai Suzhen
 46360 | Crypt:3  | Found a basalt altar of Yredelemnul.
 46604 | Crypt:3  | Noticed a dread lich
 46614 | Crypt:3  | Killed a dread lich
 46674 | Crypt:3  | Identified the +0 plate armour of the Hall of Blades
                  | {rPois}
 46786 | Crypt:3  | Found a staircase to the Tomb.
 47349 | Depths:1 | Entered Level 1 of the Depths
 47487 | Depths:1 | Found a one-way gateway to a ziggurat.
 47531 | Depths:1 | Found a one-way gate leading to the halls of Pandemonium.
 47544 | Depths:1 | Reached skill level 10 in Spellcasting
 47728 | Depths:1 | You fall into a shaft and drop 1 floor!
 47768 | Depths:2 | Reached skill level 24 in Ice Magic
 47939 | Depths:2 | Found a flickering gateway to a bazaar.
 47944 | Bazaar   | Entered a bazaar
 47996 | Bazaar   | Found Koickom's Distillery.
 47996 | Bazaar   | Found Rirroner's Book Shop.
 48003 | Bazaar   | Bought 2 potions of curing for 102 gold pieces
 48003 | Bazaar   | Bought a potion of heal wounds for 85 gold pieces
 48003 | Bazaar   | Bought a potion of heal wounds for 85 gold pieces
 48003 | Bazaar   | Bought a potion of cancellation for 136 gold pieces
 48003 | Bazaar   | Bought a potion of cancellation for 136 gold pieces
 48023 | Bazaar   | Found Diem's Assorted Antiques.
 48023 | Bazaar   | Found Jarphukk's Armour Boutique.
 48029 | Bazaar   | Bought a scroll of teleportation for 36 gold pieces
 48029 | Bazaar   | Bought a potion of heal wounds for 60 gold pieces
 48029 | Bazaar   | Bought a scroll of teleportation for 36 gold pieces
 48029 | Bazaar   | Bought a scroll of blinking for 90 gold pieces
 48029 | Bazaar   | Bought a scroll of teleportation for 36 gold pieces
 48438 | Depths:2 | Reached XP level 24. HP: 219/219 MP: 37/38
 49173 | Depths:1 | Reached XP level 25. HP: 226/226 MP: 14/38
 49332 | Depths:1 | Found a gateway to Hell.
 50146 | Depths:3 | Found a hide-covered altar of Uskayaw.
 50378 | Depths:3 | Found a transporter.
 50491 | Depths:3 | Found a corrupted altar of Lugonu.
 50563 | Depths:3 | Found a transporter.
 50581 | Depths:3 | Found a transporter.
 50673 | Depths:3 | Found a transporter.
 50903 | Depths:4 | Entered Level 4 of the Depths
 51002 | Depths:4 | Identified the +1 morningstar "Nyudukh" {speed, Int+2}
 51457 | Depths:4 | Found a gate to the Realm of Zot.
 51487 | Depths:4 | Noticed a juggernaut
 51493 | Depths:4 | Killed a juggernaut
 51989 | Hell     | Entered the Vestibule of Hell
 51989 | Hell     | Noticed Geryon
 52011 | Hell     | Killed Geryon
 52057 | Hell     | Gained mutation: You are resistant to unholy torment.
                  | [demonic ancestry]
 52057 | Hell     | Reached XP level 26. HP: 181/243 MP: 35/40
 52602 | Hell     | Found a gateway to the ashen valley of Gehenna.
 52744 | Hell     | Found a gateway to the decaying netherworld of Tartarus.
 52807 | Hell     | Found a gateway to the freezing wastes of Cocytus.
 52887 | Hell     | Found a gateway to the Iron City of Dis.
 53168 | Zig:1    | Entered Level 1 of a ziggurat
 53182 | Zig:2    | Entered Level 2 of a ziggurat
 53182 | Zig:2    | Noticed Damio the pandemonium lord
 53190 | Zig:2    | Killed Damio the pandemonium lord
 53213 | Zig:3    | Entered Level 3 of a ziggurat
 53306 | Zig:3    | Identified the staff of the Many Spreadsheets {rElec MP+9
                  | Tloc Air}
 53310 | Zig:4    | Entered Level 4 of a ziggurat
 53336 | Zig:5    | Entered Level 5 of a ziggurat
 53339 | Zig:5    | Noticed an ancient lich
 53350 | Zig:5    | Killed an ancient lich
 53375 | Zig:5    | Got Sif Muna's Encyclopedia of Conduction and Effluvium
 53384 | Zig:6    | Entered Level 6 of a ziggurat
 53477 | Zig:6    | Identified the ring "Odattyaph" {rPois rCorr Int+6 Dex+6}
 53482 | Zig:7    | Entered Level 7 of a ziggurat
 53516 | Zig:8    | Entered Level 8 of a ziggurat
 53543 | Zig:8    | Identified the ring of Furebb {rN+ Str+5 SInv}
 53557 | Zig:9    | Entered Level 9 of a ziggurat
 53576 | Zig:9    | Noticed Lihain the pandemonium lord
 53580 | Zig:9    | Noticed Xinyx the pandemonium lord
 53585 | Zig:9    | Killed Lihain the pandemonium lord
 53596 | Zig:9    | Killed Xinyx the pandemonium lord
 53791 | Zig:9    | Got the Textbook on Bombardment
 53792 | Zig:9    | Identified the ring "Subor" {rC+ rCorr SInv}
 53794 | Zig:9    | Identified the +9 lajatang of Compassion {elec, Stlth+}
 53799 | Zig:10   | Entered Level 10 of a ziggurat
 53816 | Zig:10   | Reached skill level 1 in Fire Magic
 53849 | Zig:10   | Identified the +4 rapier "Biaddith" {antimagic, rC+}
 53858 | Zig:11   | Entered Level 11 of a ziggurat
 53878 | Zig:11   | Reached skill level 15 in Spellcasting
 53947 | Zig:11   | Identified the +2 plate armour "Waurr" {rN+ Int+2 Dex-4}
 53959 | Zig:12   | Entered Level 12 of a ziggurat
 54062 | Zig:12   | Identified the +1 broad axe of the Everdark {spect, rElec
                  | rF+ Dex+3}
 54064 | Zig:12   | Identified the staff "Fahicid" {rPois Dex+3 Alchemy}
 54071 | Zig:12   | Gained mutation: You can hurl damnation. [demonic ancestry]
 54071 | Zig:12   | Reached XP level 27. HP: 257/257 MP: 42/42
 54073 | Zig:12   | Reached skill level 5 in Fire Magic
 54086 | Zig:12   | Learned a level 8 spell: Ignition
 54087 | Zig:13   | Entered Level 13 of a ziggurat
 54102 | Zig:13   | Noticed an ancient lich
 54104 | Zig:13   | Noticed a dread lich
 54104 | Zig:13   | Paralysed by a sphinx for 5 turns
 54110 | Zig:13   | Killed an ancient lich
 54113 | Zig:13   | Killed a dread lich
 54177 | Zig:13   | Identified the +1 ring mail of the Armoured One {rF- rCorr
                  | Str+5}
 54181 | Zig:13   | Identified the ring "Wiyloh" {rC+ rCorr Slay+4}
 54198 | Zig:14   | Entered Level 14 of a ziggurat
 54283 | Zig:14   | Identified the +7 flail "Reinut" {freeze, *Noise ^Drain
                  | rElec Dex+7}
 54297 | Zig:14   | Learned a level 1 spell: Apportation
 54297 | Zig:14   | Identified the +9 spear "Qace" {drain, Str+4}
 54304 | Zig:15   | Entered Level 15 of a ziggurat
 54334 | Zig:15   | Lost mutation: You are robust. (+10% HP) [a shining eye]
 54353 | Zig:15   | Got the Tome of Chthonic Exhumation
 54365 | Zig:15   | Identified the +2 helmet of Marbles {^Drain rPois rCorr}
 54374 | Zig:15   | Identified the amulet "Ucejoxze" {rElec rPois rF+ rC-
                  | Regen+}
 54389 | Zig:16   | Entered Level 16 of a ziggurat
 54593 | Zig:16   | Got the Volume of the Peculiar Villages
 54647 | Zig:17   | Entered Level 17 of a ziggurat
 54804 | Zig:17   | Identified the +9 trident "Qighyf" {spect, rPois Str+3}
 54805 | Zig:17   | Identified the +1 orcbow "Lytualele" {drain, +Blink rElec
                  | rF- rN+}
 54808 | Zig:17   | Identified the +9 longbow "Tioky" {elec, rN+}
 54830 | Zig:18   | Entered Level 18 of a ziggurat
 54851 | Zig:18   | Reached skill level 15 in Fire Magic
 54926 | Zig:18   | Found the +2 hood of the Assassin {Detect Stab+ Stlth++}
 54932 | Zig:18   | Got the Notes on Displaced Oromancy
 54961 | Zig:19   | Entered Level 19 of a ziggurat
 55125 | Zig:19   | Got Sif Muna's Spellbook of the Fault and the Mob
 55155 | Zig:19   | Identified the +1 spear of Ukhlothoi {holy, Str+4 Int-5}
 55158 | Zig:19   | Identified the amulet of Corph {Acrobat -Tele Harm rF+}
 55163 | Zig:20   | Entered Level 20 of a ziggurat
 55188 | Zig:20   | Noticed a dread lich
 55193 | Zig:20   | Killed a dread lich
 55247 | Zig:20   | Noticed a dread lich
 55253 | Zig:20   | Killed a dread lich
 55546 | Zig:20   | Found the +3 pair of mountain boots {steadfast, rC+}
 55568 | Zig:20   | Identified the +4 quarterstaff of Sowom {freeze, ^Contam
                  | rC- Str+8 Dex+6}
 55571 | Zig:20   | Identified the +4 chain mail "Loakip" {rF+ Will+}
 55583 | Zig:20   | Identified the +2 buckler of Death Resistance {rElec
                  | Stlth+}
 55600 | Zig:21   | Entered Level 21 of a ziggurat
 55610 | Zig:21   | Noticed Gorol the pandemonium lord
 55616 | Zig:21   | Noticed Zopsool the pandemonium lord
 55618 | Zig:21   | Killed Gorol the pandemonium lord
 55619 | Zig:21   | Noticed Bolimo the pandemonium lord
 55622 | Zig:21   | Killed Zopsool the pandemonium lord
 55626 | Zig:21   | Noticed Miqyagily the pandemonium lord
 55626 | Zig:21   | Noticed Nixolusm the pandemonium lord
 55627 | Zig:21   | Noticed Xathas Ocyd the pandemonium lord
 55627 | Zig:21   | Noticed Uneh the pandemonium lord
 55628 | Zig:21   | Noticed Fysum the pandemonium lord
 55628 | Zig:21   | Noticed Vomesmuh the pandemonium lord
 55630 | Zig:21   | Noticed Teukuseerr the pandemonium lord
 55631 | Zig:21   | Killed Nixolusm the pandemonium lord
 55631 | Zig:21   | Killed Uneh the pandemonium lord
 55632 | Zig:21   | Noticed Wainiss the pandemonium lord
 55634 | Zig:21   | Killed Bolimo the pandemonium lord
 55635 | Zig:21   | Killed Xathas Ocyd the pandemonium lord
 55636 | Zig:21   | Noticed Jobbotio the pandemonium lord
 55637 | Zig:21   | Noticed Cavocruxu the pandemonium lord
 55642 | Zig:21   | Noticed Pamasyon the pandemonium lord
 55642 | Zig:21   | Found the +2 pair of slick slippers {slick, slippery, EV+4}
 55644 | Zig:21   | Identified the +1 robe of Poor Excuses {Int+3}
 55645 | Zig:21   | Identified the +2 short sword of Idemnaasm {drain, *Slow
                  | rF+ rCorr Stlth+}
 55647 | Zig:22   | Entered Level 22 of a ziggurat
 55724 | Zig:22   | Noticed Qikhlem the pandemonium lord
 55742 | Zig:22   | Identified the +8 battleaxe of the Tiger {drain, *Noise
                  | rPois Int+7 SInv}
 55744 | Zig:22   | HP: 5/239 [demonspawn warmonger/+2 demon whip of
                  | electrocution (9)]
 55744 | Zig:22   | Demolished by a demonspawn warmonger

Illustrated notes

Levels and vault maps discovered:
D:1:      saegor_arrival_under_anarchy, layout_loops_ring, item_on_display_a
D:2:      layout_loops_ring, reono_crystal_passage
D:3:      layout_basic, gammafunk_temple_overflow_wave, tso_oasis_becter,
          serial_park_tiny_1, minmay_tree_intersection, grunt_decor_resistance
D:4:      layout_loops_ring, kennysheep_slug_shrine,
          nicolae_overflow_hidden_temple, gammafunk_ghost_abyssal_escape,
          kennysheep_diamond, roderic_serpentine_path, chequers_jeans,
          nicolae_elevator_lobby_asterisk, uniq_grinder, uniq_robin
D:5:      layout_cave_pools, mainiacjoe_overflow_paths,
          regret_index_xom_buried_treasure, mainiacjoe_overflow_tiny_flanked,
          old_standard_altar, gammafunk_ghost_necromancy
D:6:      layout_basic, gammafunk_ghost_split, chequers_serial_rivers_small_a,
          kennysheep_generic_room_13, uniq_maggie, uniq_duvessa, uniq_menkaure
D:7:      layout_layer_cave, temple_pool_b
D:8:      minmay_skewed_foursquare, layout_layer_cave, serial_shops,
          nicolae_shop_waterfront, nicolae_shop_hallway_plus, shop,
          nicolae_shop_getting_attention, uniq_erica
D:9:      minmay_the_grid_3x3 [minmay_the_grid_expand,
          minmay_the_grid_outer_circle, minmay_the_grid_empty,
          minmay_the_grid_tri_star, minmay_the_grid_minigrid_small_alt,
          minmay_the_grid_fan, minmay_the_grid_minigrid_large,
          minmay_the_grid_zigzag_pyramid, minmay_the_grid_prize_diamond_cup],
          layout_small_grid, tgw_trog, amcnicky_altar_gilded,
          mainiacjoe_overflow_alcove_2, uniq_joseph, uniq_erolcha, uniq_grum,
          uniq_prince_ribbit1
D:10:     minmay_stone_box, layout_rooms, fedhas_altar_2, serial_shops, shop
D:11:     regret_index_combs_of_tragedy, layout_rooms, lair_entry_dummy,
          orc_0_dummy, serial_shops, shop, billiards_dpeg
D:12:     layout_long_grid, nrook_campfire
D:13:     layout_big_octagon
D:14:     layout_stronghold, david_vaults_3, gammafunk_ghost_arena,
          gauntlet_entry_generic, nicolae_shop_vocational
D:15:     hangedman_depths_entry_try_elsewhere_first, layout_irregular_city,
          enter_trove_3, serial_shops, shop, hellmonk_sif_muna_bookshelves
Lair:1:   layout_cave_pods, hellmonk_ghost_happy_afterlife, serial_rivers,
          chequers_serial_rivers_small_a, chequers_serial_rivers_small_3,
          chequers_serial_rivers_room_b, chequers_serial_rivers_micro_e,
          chequers_serial_rivers_large_a, chequers_serial_rivers_micro_e
Lair:2:   statuecave_lemuel, layout_chaotic_city, minmay_shoals_entry_hut,
          spider_nest_entry_funnel_web, grunt_forest_small_clearings,
          cheibrodos_lair_lostbears, serial_bayou_shore_b, grunt_megastairs_3,
          uniq_fannar
Lair:3:   layout_long_grid, nicolae_lair_run_with_the_wolves,
          infiniplex_staircase_pool
Lair:4:   layout_concentric_octagons, nicolae_lair_lil_pond, lemuel_fruit_tree,
          grunt_megastairs_2, uniq_sonja
Lair:5:   hellmonk_lair_end_abyssal_woods, layout_big_grid,
          minmay_slime_entry_oklob_enclosed, portal_ice_cave_entry_pillars_2,
          st_stairs_4, uniq_snorg
Shoals:1: layout_shoals, serial_shops, shop_statue, nicolae_shoals_undead_eyrie,
          uniq_louise, uniq_roxanne
Shoals:2: cheibrodos_shoals_three_sisters, layout_shoals
Shoals:3: layout_shoals, serial_shops, shop, nicolae_shop_overcharged_wands
Shoals:4: shoals_end_simple, layout_shoals, serial_shops,
          nicolae_lakefront_shop, nicolae_shoals_siren_and_animal_friends
Spider:1: layout_spider_delve, nicolae_spider_orb_run
Spider:2: layout_spider_delve, ebering_ghost_xom, nicolae_spider_eight_legs
Spider:3: layout_cave_pods
Spider:4: grunt_spider_rune_circles, hangedman_stitches_earthworm, uniq_arachne
Slime:1:  layout_caves, special_room [special_room_jelly]
Slime:2:  layout_caves
Slime:3:  layout_caves
Slime:4:  layout_caves
Slime:5:  slime_pit_nicolae_amoeboid
Orc:1:    layout_diamond_mine, basic_altar
Orc:2:    grunt_orc_cross, layout_diamond_mine, serial_shops, shop
Elf:1:    eino_elf_arrival_sip, layout_geoelf_octagon, ebering_ghost_gozag,
          minmay_elf_demonology, nicolae_shop_i_like_big_books, uniq_agnes,
          uniq_norris, uniq_donald
Elf:2:    elven_hall_of_blades_hangedman_original
          [nicolae_blade_entry_crossed_weapons], layout_loops_corners,
          minivault_28
Elf:3:    grunt_elf_hall_branching, layout_gridlike, serial_shops,
          nicolae_book_shop_shelving, serial_sigils,
          serial_sigils_hangedman_snap, serial_sigils_hangedman_leer,
          serial_sigils_hangedman_scratch, serial_sigils_hangedman_confine,
          serial_sigils_hangedman_gut, serial_sigils_hangedman_gut,
          grunt_ministairs_14, hangedman_summoners_spam
Vaults:1: v_misc_12, nicolae_vaults_apartment_1, nicolae_vaults_specimen_jars,
          nicolae_vaults_two_Ls, layout_vaults_omnigrid
Vaults:2: nicolae_vaults_tetromino_L_1, nicolae_vaults_lightning_bolt, v_misc_3,
          minmay_crypt_entry_necro_gods, ontoclasm_vaults_gateway,
          vaults_dpeg_spiral, hangedman_vaults_hat, ontoclasm_vaults_eye,
          nicolae_vaults_little_squares_5, ontoclasm_vaults_chip,
          layout_vaults_big_room, serial_shops,
          nicolae_shop_pleasant_corner_grove
Vaults:3: v_misc_19, v_alt_pattern_4, vaults_standard_mumra_x,
          nicolae_vaults_alarming, nicolae_vaults_apartment_1,
          nicolae_vaults_network_quincunx
          [nicolae_vaults_network_quincunx_subvault,
          nicolae_vaults_network_quincunx_subvault,
          nicolae_vaults_network_quincunx_subvault,
          nicolae_vaults_network_quincunx_subvault,
          nicolae_vaults_network_quincunx_subvault],
          nicolae_vaults_storage_closets_2, vaults_mumra_chevron_long,
          vaults_room_pools, v_misc_18, layout_vaults_omnibox
Vaults:4: vaults_room_stairs_pillars, ontoclasm_vaults_claustrophobia,
          v_pattern_2, nicolae_vaults_storage_closets_1,
          nicolae_vaults_trapezoid_lopsided_1, nicolae_vaults_network_s,
          vaults_standard_mumra_enter_the_diamond,
          nicolae_vaults_closet_pinwheel_3, ontoclasm_vaults_hangar,
          layout_vaults_ring, serial_shops, nicolae_shop_waterfront
Vaults:5
Crypt:1:  cheibrodos_crypt_cold_storage, layout_chaotic_city,
          minmay_strange_pillars
Crypt:2:  layout_rooms, lemuel_upstairs_altar
Crypt:3:  cryptofortress_bobbens, uniq_bai_suzhen
Depths:1: layout_gridlike, enter_ziggurat_b, hellmouth_2, pan_entry,
          minivault_16, kennysheep_dice
Depths:2: nicolae_hitomezashi [nicolae_hito_row, nicolae_hito_row,
          nicolae_hito_row, nicolae_hito_row, nicolae_hito_row,
          nicolae_hito_row, nicolae_hito_row, nicolae_hito_row,
          nicolae_hito_row, nicolae_hito_row, nicolae_hito_row,
          nicolae_hito_row, nicolae_hito_row, nicolae_hito_row,
          nicolae_hito_row, nicolae_hito_row, nicolae_hito_row,
          nicolae_hito_row], layout_honeycomb,
          amcnicky_mini_rare_corridor_liquid, rand_demon_pan_entry_8,
          abyss_entry_small_statue_room, serial_shops, freezing_bzr,
          grunt_hell_entry_dis_old, infiniplex_staircase_door_maze
Depths:3: nzn_winding_woodlands_cross [nzn_winding_woodlands_5x15_twine,
          nzn_winding_woodlands_5x15_lazy_stream,
          nzn_winding_woodlands_5x15_parted,
          nzn_winding_woodlands_5x15_pathside_ponds,
          nzn_winding_woodlands_15x15_killbox], layout_gridlike,
          abyss_entry_flame_altar, nicolae_uskayaw_dance_hall,
          grunt_pan_entry_zigzag, hell_entry, nicolae_transporter_intersection,
          serial_bayou_shore_b, infiniplex_staircase_zigzag_5
Depths:4: grunt_runaround [grunt_runaround_zot, grunt_runaround_doors_1,
          grunt_runaround_doors_2, grunt_runaround_doors_3,
          grunt_runaround_doors_4], hell_entry, pan_entry
Hell
Zig:22:   ziggurat_pillar_abc, ziggurat_pillar_abc, ziggurat_pillar_abc,
          ziggurat_pillar_abc

Skill      XL: |  1  2  3  4  5  6  7  8  9 10 11 12 13 14 15 16 17 18 19 20 21 22 23 24 25 26 27 |
---------------+----------------------------------------------------------------------------------+-----
Long Blades    | 3 |  3.0
Ranged Weapons | 1 2 3 4 5 7 9 11 12 14 15 16 17 18 20 | 20.0
Fighting       | 4 5 6 8 9 10 11 12 13 14 15 17 18 20 | 20.2
Dodging        | 3 4 6 7 9 10 11 14 15 18 19 20 | 20.0
Invocations    | 2 3 6 8 9 12 15 | 15.2
Stealth        | 1 4 7 8 10 | 10.0
Ice Magic      | 5 12 15 18 19 22 24 | 24.3
Spellcasting   | 3 8 11 13 15 | 15.0
Armour         | 3 6 |  6.0
Fire Magic     | 4 20 | 20.0

Action                     |  1- 3 |  4- 6 |  7- 9 | 10-12 | 13-15 | 16-18 | 19-21 | 22-24 | 25-27 || total
---------------------------+-------+-------+-------+-------+-------+-------+-------+-------+-------++-------
  Melee: Falchion          |    51 |       |       |       |       |       |       |       |       ||    51
         Longbow           |       |       |       |       |       |    12 |     1 |       |       ||    13
   Fire: Sling             |    33 |   121 |   165 |       |       |       |       |       |       ||   319
         Arbalest          |       |       |    53 |   474 |   921 |   796 |       |       |       ||  2244
         Hand cannon       |       |       |       |       |     9 |       |       |       |       ||     9
         Longbow           |       |       |       |       |       |   486 |  1283 |  1079 |  1027 ||  3875
  Throw: Dart              |     5 |       |       |       |       |       |       |       |       ||     5
   Cast: Ozocubu's Refrige |       |       |       |       |       |       |    30 |    37 |    41 ||   108
         Polar Vortex      |       |       |       |       |       |       |       |    11 |    55 ||    66
         Ignition          |       |       |       |       |       |       |       |       |    27 ||    27
 Invoke: Bend Time         |       |       |     1 |       |       |       |       |       |       ||     1
         Slouch            |       |       |     1 |     4 |     8 |       |     7 |       |     5 ||    25
         Step From Time    |       |       |       |       |     1 |       |     1 |       |       ||     2
Ability: Hurl Damnation    |       |       |       |       |       |       |       |       |     5 ||     5
  Evoke: Wand              |       |       |     1 |       |       |       |       |       |       ||     1
    Use: Scroll            |       |     1 |    11 |     2 |    17 |    10 |     5 |     6 |     9 ||    61
         Potion            |       |     1 |     1 |     1 |     2 |     2 |     7 |     3 |    21 ||    38
 Armour: Robe              |    27 |    10 |       |       |       |       |       |       |       ||    37
         Leather armour    |       |    27 |    41 |       |   135 |   174 |    94 |    61 |       ||   532
         Steam dragon scal |       |       |    17 |   195 |    63 |       |       |       |       ||   275
         Troll leather arm |       |       |       |       |    52 |     4 |    77 |    31 |   262 ||   426
         Skin              |       |       |       |       |       |    11 |     6 |       |       ||    17
  Dodge: Dodged            |    31 |    49 |    64 |   222 |   501 |   469 |   410 |   247 |   580 ||  2573
